 Dungeon Crawl Stone Soup version 0.25-a0-1133-g93ebf739aa (webtiles) character file.

Game seed: 13636798053380447781, levelgen mode: deterministic

489 Gynju the Digger (level 7, -6/36 HPs)
             Began as a Gargoyle Earth Elementalist on May 22, 2020.
             Was a Follower of Ru.
             Mangled by Blork the orc
             ... wielding a +0 glaive
              (13 damage)
             ... on level 5 of the Dungeon.
             The game lasted 00:06:17 (4463 turns).

Gynju the Digger (Gargoyle Earth Elementalist)      Turns: 4463, Time: 00:06:17

Health: -6/36      AC:  7    Str: 11    XL:     7   Next: 14%
Magic:  14/14      EV: 12    Int: 18    God:    Ru [*.....]
Gold:   180        SH:  0    Dex: 10    Spells: 1/16 levels left

rFire    . . .     SeeInvis .   j - +0 short sword (venom)
rCold    . . .     Gourm    .   (no shield)
rNeg     + . .     Faith    .   c - +0 robe
rPois    ∞         Spirit   .   (no helmet)
rElec    +         Reflect  .   B - +0 cloak
rCorr    .         Harm     .   (no gloves)
MR       .....                  (no boots)
Stlth    ++........             (no amulet)
HPRegen  0.12/turn              (no ring)
MPRegen  0.14/turn              (no ring)

@: no status effects
A: negative energy resistance 1, electricity resistance, unbreathing,
petrification resistance, rot immunity, inability to train armour, AC +4
a: Renounce Religion


You were on level 5 of the Dungeon.
You worshipped Ru.
Ru was aware of your devotion.
You were hungry.

You visited 1 branch of the dungeon, and saw 5 of its levels.

You collected 180 gold pieces.

Inventory:

Hand Weapons
 j - a +0 short sword of venom (weapon)
Missiles
 b - 102 stones (quivered)
Armour
 c - a +0 robe (worn)
 B - a +0 cloak (worn)
Wands
 w - a wand of digging (5)
Scrolls
 a - 7 scrolls of identify {unknown}
 g - 3 scrolls of fear {unknown}
 k - a scroll of blinking {unknown}
 l - 2 scrolls of enchant armour {unknown}
 o - a scroll of enchant weapon {unknown}
 p - 4 scrolls of remove curse {unknown}
 q - a scroll of fog {unknown}
 s - 2 scrolls of magic mapping {unknown}
 v - 3 scrolls of immolation {unknown}
 y - a scroll of teleportation {unknown}
 A - a scroll of noise {unknown}
Potions
 e - 3 potions of curing {@q1}
 f - a potion of mutation {unknown}
 h - 2 potions of flight {unknown}
 i - a potion of stabbing {unknown}
 m - 2 potions of berserk rage {unknown}
 n - a potion of cancellation {unknown}
 r - a potion of lignification {unknown}
 t - a potion of haste {unknown}
 u - a potion of magic {unknown}
 z - a potion of brilliance {unknown}
Comestibles
 d - 4 rations
 x - 3 chunks of flesh


   Skills:
 + Level 0.2 Fighting
 + Level 1.6 Dodging
 - Level 2.1 Stealth
 * Level 5.1 Spellcasting
 - Level 0.7 Transmutations
 - Level 7.0 Earth Magic


You had one spell level left.
You knew the following spells:

 Your Spells              Type           Power        Failure   Level  Hunger
a - Sandblast             Erth           ####..       1%          1    None
b - Passwall              Tmut/Erth      ###.....     4%          2    #......
c - Stone Arrow           Conj/Erth      ###...       10%         3    ##.....
d - Lee's Rapid Deconstr  Erth           ####......   21%         5    ######.
e - Petrify               Tmut/Erth      ###.....     26%         4    ####...

Your spell library contained the following spells:

 Spells                   Type           Power        Failure   Level  Hunger


Dungeon Overview and Level Annotations

Branches:
Dungeon (5/15)
 Temple: D:4-7

Altars:
Qazlal
Ru
Sif Muna
Trog
Vehumet
Wu Jian
The Shining One

Annotations:
D:5 Blork the orc


Innate Abilities, Weirdness & Mutations

You are resistant to torment.
Your stone body is resilient. (AC +4)
You are immune to poison.
You resist negative energy. (rN+)
You are resistant to electric shocks. (rElec)
You can survive without breathing.
You are immune to petrification.
You are immune to rotting.
You cannot train Armour skill.


Message History

You are feeling hungry.
There is an open door here.
A puff of flame appears from out of thin air!
The puff of flame hits you!
A magic dart appears from out of thin air!
The magic dart hits you.
No target in view!
Something hits you. x2
You hit something.
You hear some strange, mumbled words.
A puff of frost appears from out of thin air!
The puff of frost hits you.
You closely miss something.
You hear some strange, mumbled words.
A puff of frost appears from out of thin air!
The puff of frost misses you. Something hits you.
You closely miss something. Something hits you.
* * * LOW HITPOINT WARNING * * *
You hit something but do no damage. Something hits you!
You die...

#≈≈≈.###.###+#######.............
#≈≈≈.#.............'.............
≈≈≈≈.#.............#.............
#≈≈≈#######'#####.##.............
#≈≈≈###.###.##.##################
#≈≈.....................#.......#
#≈......................#........
#≈####'###..####{.##..#########..
######.###..####@.##..# ###
#.#...#..............#
##'...#..............#
#####################


There were no monsters in sight!

Vanquished Creatures
  An ogre (D:4)
  A scorpion (D:4)
  A hound (D:4)
  An iguana (D:4)
  Ijyb (D:4)
  2 worker ants (D:4)
  A hound skeleton (D:4)
  4 adders
  3 gnolls (D:2)
  An ooze (D:1)
  A worm (D:3)
  3 dart slugs
  3 leopard geckos (D:1)
  2 orcs (D:3)
  13 bats
  2 giant cockroaches
  6 goblins
  9 hobgoblins
  11 jackals
  2 quokkas (D:3)
  A ball python (D:2)
  5 frilled lizards
  4 kobolds (D:2)
  11 rats
89 creatures vanquished.

Vanquished Creatures (others)
  An ogre (D:4)
1 creature vanquished.

Grand Total: 90 creatures vanquished

Notes
Turn   | Place    | Note
-------+----------+-------------------------------------------
     0 | D:1      | Gynju the Gargoyle Earth Elementalist began the quest for
                  | the Orb.
     0 | D:1      | Reached XP level 1. HP: 10/10 MP: 3/3
    99 | D:1      | Reached XP level 2. HP: 10/15 MP: 1/5
   108 | D:1      | Reached skill level 4 in Earth Magic
   590 | D:1      | Reached XP level 3. HP: 19/19 MP: 6/6
  1339 | D:2      | Found a sacrificial altar of Ru.
  1347 | D:2      | Became a worshipper of Ru the Awakened
  1430 | D:2      | Reached XP level 4. HP: 18/24 MP: 8/8
  1772 | D:2      | Reached skill level 5 in Earth Magic
  2137 | D:2      | Found a shimmering blue altar of Sif Muna.
  2334 | D:3      | Reached XP level 5. HP: 17/28 MP: 8/10
  2630 | D:3      | Gained mutation: You cannot train Armour skill. [Ru
                  | sacrifice]
  2630 | D:3      | Reached * piety under Ru
  3615 | D:4      | Noticed Ijyb
  3674 | D:4      | Reached skill level 6 in Earth Magic
  3674 | D:4      | Reached XP level 6. HP: 28/32 MP: 10/12
  4020 | D:4      | Reached skill level 7 in Earth Magic
  4020 | D:4      | Reached XP level 7. HP: 28/36 MP: 8/14
  4023 | D:4      | Reached skill level 5 in Spellcasting
  4097 | D:4      | Found a glowing golden altar of the Shining One.
  4101 | D:4      | Found a stormy altar of Qazlal.
  4101 | D:4      | Found a bloodstained altar of Trog.
  4117 | D:4      | Found an ornate altar of the Wu Jian Council.
  4120 | D:4      | Found a radiant altar of Vehumet.
  4300 | D:4      | Learned a level 2 spell: Passwall
  4304 | D:4      | Learned a level 3 spell: Stone Arrow
  4310 | D:4      | Learned a level 5 spell: Lee's Rapid Deconstruction
  4315 | D:4      | Learned a level 4 spell: Petrify
  4321 | D:4      | Killed Ijyb
  4362 | D:5      | Entered Level 5 of the Dungeon
  4440 | D:5      | Noticed Blork the orc
  4463 | D:5      | Mangled by Blork the orc

Illustrated notes

Levels and vault maps discovered:
D:1:      eino_arrival_water_star, layout_loops_corners, minmay_door_square,
          dk_noncrumbling_4
D:2:      layout_rooms, lemuel_blue_sif_altar, lemuel_coloured_pillars_altar
D:3:      layout_loops_ring, serial_park_tiny_1, grunt_decor_clamped,
          minmay_hedge_maze
D:4:      layout_rooms, minmay_overflow_temple_star_hex,
          kennysheep_generic_room_14, uniq_ijyb
D:5:      cheibrodos_thug_alley, layout_gridville, serial_shops, shop,
          first_ration, uniq_grinder, uniq_eustachio, uniq_blork_the_orc

Skill      XL: |  1  2  3  4  5  6  7 |
---------------+----------------------+-----
Earth Magic    | 4 5 6 7 |  7.0
Spellcasting   | 3 4 5 |  5.1
Fighting       | |  0.2
Dodging        | |  1.6
Stealth        | |  2.1
Transmutations | |  0.7

Action                   |  1- 3 |  4- 6 |  7- 9 || total
-------------------------+-------+-------+-------++-------
Melee: Club              |    13 |       |       ||    13
       Unarmed           |     3 |       |       ||     3
       Dagger            |    40 |       |       ||    40
       Short sword       |    47 |   180 |     5 ||   232
 Cast: Sandblast         |     8 |    15 |     5 ||    28
Invok: Sacrifice Durabil |       |     1 |       ||     1
 Stab: Sleeping          |     7 |     3 |     1 ||    11
  Eat: Chunk             |     2 |     8 |     1 ||    11
Armor: Robe              |    29 |    87 |       ||   116
Dodge: Dodged            |    67 |   147 |     5 ||   219

Table legend:
 A = Non-vault XP
 B = Vault XP
 C = Vault XP percentage of total XP
 D = Non-vault monster count
 E = Vault monster count
 F = Vault count percentage of total count
                 A         B        C        D         E       F
            +---------+---------+-------+---------+---------+-------
      Total |     663 |      36 |   5.2 |      89 |       1 |   1.1
            +---------+---------+-------+---------+---------+-------
        D:1 |      47 |       0 |   0.0 |      21 |       0 |   0.0
        D:2 |     105 |       0 |   0.0 |      33 |       0 |   0.0
        D:3 |      77 |       0 |   0.0 |      23 |       0 |   0.0
        D:4 |     434 |      36 |   7.7 |      12 |       1 |   7.7
            +---------+---------+-------+---------+---------+-------
